 Dungeon Crawl Stone Soup version 0.29.1-15-g9cfb28693d (webtiles) character file.

Game seed: 12660133118709908819

4 growler the Slasher (level 1, -1/16 HPs)
             Began as a Demonspawn Gladiator on Mar 13, 2023.
             Slain by a kobold
             ... wielding a +0 club
              (2 damage)
             ... on level 1 of the Dungeon.
             The game lasted 00:00:18 (182 turns).

growler the Slasher (Demonspawn Gladiator)           Turns: 182, Time: 00:00:18

Health: -1/16      AC:  4    Str: 14    XL:     1   Next: 58%
Magic:  1/1        EV: 12    Int:  9    God:
Gold:   5          SH:  0    Dex: 14    Spells: 0/0 levels left

rFire   . . .      SeeInvis .   a - +0 long sword
rCold   . . .      Faith    .   (no shield)
rNeg    . . .      Spirit   .   b - +0 leather armour
rPois   .          Reflect  .   c - +0 helmet
rElec   .          Harm     .   (no cloak)
rCorr   .          Rampage  .   (no gloves)
Will    .....                   (no boots)
Stlth   +.........              (no amulet)
HPRegen 0.05/turn               (no ring)
MPRegen 0.07/turn               (no ring)

@: no status effects
A: no striking features
a: no special abilities


You were on level 1 of the Dungeon.
You visited 1 branch of the dungeon, and saw 1 of its levels.

You collected 5 gold pieces.

Inventory:

Hand Weapons
 a - a +0 long sword (weapon)
Missiles
 d - 3 throwing nets (quivered)
 e - a javelin
Armour
 b - a +0 leather armour (worn)
 c - a +0 helmet (worn)


   Skills:
 - Level 2.0 Fighting
 + Level 3.0 Long Blades
 - Level 1.7 Throwing
 - Level 2.6 Dodging


You couldn't memorise any spells.
You didn't know any spells.
Your spell library was empty.

Dungeon Overview and Level Annotations

Branches:
Dungeon (1/15)

Altars:


Message History

No target in view!
A kobold and a bat come into view.
You see here a +0 ring mail.
A goblin comes into view. It is wielding a +0 club.
Found a smoky purple potion.
A quokka comes into view.
The goblin shouts!
The kobold hits you but does no damage.
There is a stone staircase leading down here.
You hit the bat but do no damage. The bat misses you.
The kobold barely misses you. The kobold misses you.
You completely miss the goblin. The bat hits you but does no damage.
The kobold barely misses you. The goblin hits you but does no damage.
You closely miss the goblin. The bat barely misses you.
The kobold hits you with a +0 club. The goblin hits you with a +0 club.
You closely miss the goblin. The bat hits you but does no damage. x2
The kobold hits you with a +0 club. The goblin hits you with a +0 club.
You hit the goblin. Your punch misses the goblin.
The goblin is moderately wounded.
The bat barely misses you. x2; The kobold closely misses you.
The goblin hits you with a +0 club. The quokka barely misses you.
The goblin hits you with a +0 club. The kobold misses you.
You are too injured to fight recklessly!
You are too injured to fight recklessly!
You barely miss the goblin.
The goblin is moderately wounded.
The bat hits you but does no damage. The quokka bites you.
* * * LOW HITPOINT WARNING * * *
The kobold hits you but does no damage. The goblin barely misses you.
The quokka closely misses you.
You hit the goblin.
The goblin is heavily wounded.
The bat misses you. The bat barely misses you. The quokka bites you.
* * * LOW HITPOINT WARNING * * *
The kobold hits you but does no damage. The goblin barely misses you.
The bat hits you but does no damage. The quokka attacks as you move away!
The quokka bites you.
* * * LOW HITPOINT WARNING * * *
The kobold attacks as you move away! The kobold hits you with a +0 club.
You die...

#.######.###.# ..
.............###....#
..###...............
....#.##.##†..## ...
##..#..........# ..
.##'####.###...##.#
.....###...)##..#.#
...⌠...####....[..#
........#
######@b#.###
.........# #.grK....#
.....⌠...# #........#
.........# #........#
........## #........#
...⌠...## .........#
.....### ...!......#
.##### #..........#
## #....#######


You could see a quokka, a goblin, a bat and a kobold.

Vanquished Creatures
  A ball python (D:1)
  2 endoplasms (D:1)
  A bat (D:1)
4 creatures vanquished.

Notes
Turn   | Place    | Note
-------+----------+-------------------------------------------
     0 | D:1      | growler the Demonspawn Gladiator began the quest for the
                  | Orb.
     0 | D:1      | Reached XP level 1. HP: 16/16 MP: 1/1
   171 | D:1      | Reached skill level 3 in Long Blades
   182 | D:1      | Slain by a kobold

Illustrated notes

Levels and vault maps discovered:
D:1:      dpeg_arrival_water_temple_mockup, layout_basic

Skill      XL: |  1 |
---------------+----+-----
Long Blades    | 3 |  3.0
Fighting       | |  2.0
Throwing       | |  1.7
Dodging        | |  2.6

Action                   || total
-------------------------++-------
Melee: Long sword        ||    18
 Stab: Sleeping          ||     1
Armor: Leather armour    ||    15
Dodge: Dodged            ||    21
